Harfangs vs Demolitions
Created - March 11, 2018 at 19:22
Goals
|
Harfangs |
0 |
4 |
2 |
6 |
Demolitions |
3 |
0 |
1 |
4 |
|
Shots
|
Harfangs |
10 |
15 |
10 |
35 |
Demolitions |
18 |
17 |
7 |
42 |
|
1st period
1. Demolitions , Erik Condra 38 (Bobby Butler 36, Nicolas Blanchard 31) at 2:45 (PP)
2. Demolitions , Dmitri Orlov 3 (Corban Knight 25, Ryan Bayda 38) at 11:40
3. Demolitions , Erik Condra 39 (Bobby Butler 37, Nicolas Blanchard 32) at 15:00
Penalties :
Bobby Butler (Vic) for Elbowing (Minor) at 0:22, Nathan Beaulieu (BEA) for Roughing (Minor) at 2:44, Jonathan Blum (Vic) for Tripping (Minor) at 15:27
2nd period
4. Harfangs , Tomas Kubalik 18 (Vojtech Polak 28, Victor Bartley 23) at 10:39
5. Harfangs , Brandon Pirri 10 (Dustin Jeffrey 17, Calle Jarnkrok 31) at 12:42
6. Harfangs , Brian Lashoff 5 (Calle Jarnkrok 32, Brandon Pirri 16) at 16:31
7. Harfangs , Vojtech Polak 24 (Victor Bartley 24, Cody Eakin 39) at 19:20
Penalties :
Jonathan Blum (Vic) for Cross-checking (Minor) at 6:17
3rd period
8. Harfangs , Calle Jarnkrok 13 (Dustin Jeffrey 18, Brandon Pirri 17) at 11:36
9. Harfangs , Calle Jarnkrok 14 (Brandon Pirri 18, Dylan Olsen 19) at 17:46
10. Demolitions , Erik Condra 40 (Danny DeKeiser 29, Jonathan Blum 20) at 18:38
Penalties :
Nick Holden (BEA) for High sticking (Minor) at 1:56, Jujhar Khaira (BEA) for Hooking (Minor) at 5:32, Dustin Jeffrey (BEA) for Holding (Minor) at 11:57, Reid McNeill (BEA) for Tripping (Minor) at 15:30
Goalie Stats
Andrew Hammond (BEA), 38 saves from 42 shots - (0.905), W, 26-16-2, 60:00 minutes
Olivier Roy (Vic), 29 saves from 35 shots - (0.829), L, 12-16-3, 60:00 minutes
Players Stats for Harfangs
Player Name G A P +/- PIM S H SB GA TA FO MP PP MP PK MP
------------------------------------------------------------------------------------
Alex Plante 0 0 0 0 0 0 1 0 0 1 0/0 5:16 0:00 0:00
Andreas Martinsen 0 0 0 -2 0 1 0 0 0 0 0/0 11:15 0:00 1:52
Angelo Esposito 0 0 0 -1 0 2 0 1 0 0 2/2 7:02 0:00 0:00
Boone Jenner 0 0 0 -2 0 1 2 0 0 0 4/7 9:47 0:00 0:24
Brandon Pirri 1 3 4 4 0 3 2 0 1 1 0/1 16:41 3:26 0:00
Brenden Kichton 0 0 0 0 0 0 0 0 0 0 0/0 0:00 0:00 0:00
Brian Lashoff 1 0 1 2 0 2 2 0 0 1 0/0 25:25 3:16 4:09
Calle Jarnkrok 2 2 4 4 0 5 0 2 1 0 4/13 16:41 3:26 0:00
Cody Eakin 0 1 1 2 0 3 1 0 1 1 16/36 22:22 2:24 4:02
Cristoval Nieves 0 0 0 0 0 1 1 0 0 0 0/1 2:39 0:00 2:10
Dennis Everberg 0 0 0 -2 0 1 1 0 0 0 0/1 9:23 0:00 0:00
Dustin Jeffrey 0 2 2 4 2 3 0 0 2 1 1/1 18:14 3:26 1:21
Dylan Olsen 0 1 1 0 0 0 1 3 0 0 0/0 20:21 2:41 3:48
Jake Dotchin 0 0 0 0 0 0 0 0 0 0 0/0 0:00 0:00 0:00
Joel Armia 0 0 0 0 0 0 0 0 0 0 0/0 0:23 0:07 0:00
Jujhar Khaira 0 0 0 -1 2 1 1 2 0 0 0/0 7:02 0:00 0:00
Mark Alt 0 0 0 1 0 0 0 1 0 1 0/0 8:58 0:00 0:00
Michal Repik 0 0 0 -1 0 2 2 0 0 1 0/0 7:02 0:00 0:00
Nathan Beaulieu 0 0 0 0 2 0 1 2 0 1 0/0 20:20 2:41 3:48
Nick Holden 0 0 0 1 2 0 0 0 0 0 0/0 8:58 0:00 0:00
Reid McNeill 0 0 0 0 2 0 0 1 0 0 0/0 5:18 0:00 0:00
Sebastian Wannstrom 0 0 0 0 0 0 0 0 0 0 0/0 0:16 0:00 0:00
Tomas Kubalik 1 0 1 2 0 3 0 1 2 0 0/0 20:34 2:31 1:57
Victor Bartley 0 2 2 2 0 4 1 1 0 2 0/0 25:25 3:16 4:09
Vojtech Polak 1 1 2 2 0 3 0 1 2 1 0/0 22:36 2:31 4:08
Players Stats for Demolitions
Player Name G A P +/- PIM S H SB GA TA FO MP PP MP PK MP
------------------------------------------------------------------------------------
Aaron Palushaj 0 0 0 -3 0 6 0 0 0 0 0/0 8:58 0:00 0:00
Andrej Nestrasil 0 0 0 -1 0 0 0 0 0 0 1/2 7:10 0:00 0:00
Billy Sweat 0 0 0 0 0 0 0 0 0 0 0/1 2:13 2:05 0:00
Bobby Butler 0 2 2 0 2 4 0 0 1 0 3/5 23:34 4:48 1:58
Brandon McMillan 0 0 0 -3 0 1 0 0 0 1 3/5 8:58 0:00 0:00
Corban Knight 0 1 1 1 0 1 1 0 1 0 3/9 17:46 3:14 1:30
Danny DeKeiser 0 1 1 0 0 4 0 0 1 4 0/0 28:01 5:33 3:32
Derek Forbort 0 0 0 -2 0 0 0 0 0 0 0/0 12:15 0:00 0:14
Dmitri Orlov 1 0 1 -1 0 2 0 1 0 2 0/0 19:37 3:06 1:16
Erik Condra 3 0 3 0 0 8 0 1 2 1 1/2 22:35 4:34 1:41
Frazer Mclaren 0 0 0 -3 0 1 1 0 0 0 0/0 8:58 0:00 0:00
Jack Skille 0 0 0 1 0 2 3 0 0 0 0/1 18:17 3:17 1:41
Jonathan Blum 0 1 1 0 4 5 1 0 2 0 0/0 24:55 5:42 0:37
Josh Beaulieu 0 0 0 0 0 0 0 0 0 0 0/0 3:42 1:10 2:04
Mike Sauer 0 0 0 -1 0 0 2 1 1 0 0/0 18:54 0:03 3:52
Mikko Lehtonen 0 0 0 -1 0 2 0 0 2 0 0/0 7:25 0:06 0:00
Nicolas Blanchard 0 2 2 0 0 1 0 1 0 0 21/33 20:50 4:27 0:00
Ryan Bayda 0 1 1 1 0 2 1 0 0 0 2/3 16:02 0:10 2:46
Ryan Russell 0 0 0 -1 0 2 0 0 0 0 1/1 7:24 0:00 0:14
Seth Helgeson 0 0 0 -2 0 1 3 0 1 1 0/0 16:26 1:30 2:23
Thomas DiPauli 0 0 0 0 0 0 0 0 0 0 0/0 0:00 0:00 0:00
3 Stars
1 - Calle Jarnkrok (BEA)
2 - Brandon Pirri (BEA)
3 - Erik Condra (Vic)
Power Play
Harfangs - 0 on 3 Attempt(s) - 0.00%
Demolitions - 1 on 5 Attempt(s) - 20.00%
Penalty Kill
Harfangs - 4 on 5 Attempt(s) - 80.00%
- Score 0 goal in Penalty Kill
Demolitions - 3 on 3 Attempt(s) - 100.00%
- Score 0 goal in Penalty Kill
Team Stat
Harfangs - Hits : 16 - Faceoff Wins : 27 - Blocked Shots : 15 - Penalty Minutes : 10
Demolitions - Hits : 12 - Faceoff Wins : 35 - Blocked Shots : 4 - Penalty Minutes : 6
Official
Referees : Devorski Paul and McCauley Wes
Linesman : Derek Nansen and Steve Miller
Game Notes
Erik Condra has scored a Hat Trick!
Finance
Level 1 -- Attendance: 1489 (74.45%) -- Ticket Income $52,115
Level 2 -- Attendance: 725 (72.50%) -- Ticket Income $10,875
Total Attendance: 2214 (73.80%)
Total Ticket Income: $62,990
Other Income: $3,150
Total Income: $66,140
Harfangs
5 vs 5 Forward
Center Left Wing Right Wing Time % Phy DF OF
1 Cody Eakin Vojtech Polak Tomas Kubalik 40 1 2 2
2 Calle Jarnkrok Dustin Jeffrey Brandon Pirri 30 1 2 2
3 Boone Jenner Andreas Martinsen Dennis Everberg 20 1 2 2
4 Angelo Esposito Jujhar Khaira Michal Repik 10 1 2 2
5 vs 5 Defense
Defense Defense Time % Phy DF OF
1 Victor Bartley Brian Lashoff 40 1 2 2
2 Nathan Beaulieu Dylan Olsen 30 1 2 2
3 Nick Holden Mark Alt 20 1 2 2
4 Alex Plante Reid McNeill 10 1 2 2
PowerPlay Forward
Center Left Wing Right Wing Time % Phy DF OF
1 Cody Eakin Vojtech Polak Tomas Kubalik 60 1 2 2
2 Calle Jarnkrok Dustin Jeffrey Brandon Pirri 40 1 2 2
PowerPlay Defense
Defense Defense Time % Phy DF OF
1 Victor Bartley Brian Lashoff 60 1 2 2
2 Nathan Beaulieu Dylan Olsen 40 1 2 2
Penalty Kill 4 Players Forward
Center Wing Time % Phy DF OF
1 Cody Eakin Vojtech Polak 60 1 2 2
2 Tomas Kubalik Dustin Jeffrey 40 1 2 2
Penalty Kill 4 Players Defense
Defense Defense Time % Phy DF OF
1 Victor Bartley Brian Lashoff 60 1 2 2
2 Nathan Beaulieu Dylan Olsen 40 1 2 2
Penalty Kill - 3 Players Forward
Forward Time % Phy DF OF
1 Cody Eakin 60 1 2 2
2 Vojtech Polak 40 1 2 2
Penalty Kill - 3 Players Defense
Defense Defense Time % Phy DF OF
1 Victor Bartley Brian Lashoff 60 1 2 2
2 Nathan Beaulieu Dylan Olsen 40 1 2 2
4 vs 4 Forward
Center Wing Time % Phy DF OF
1 Cody Eakin Vojtech Polak 60 1 2 2
2 Tomas Kubalik Dustin Jeffrey 40 1 2 2
4 vs 4 Defense
Defense Defense Time % Phy DF OF
1 Victor Bartley Brian Lashoff 60 1 2 2
2 Nathan Beaulieu Dylan Olsen 40 1 2 2
Last Minutes Offensive
Center Left Wing Right Wing Defense Defense
Cody Eakin Vojtech Polak Tomas Kubalik Victor Bartley Brian Lashoff
Last Minutes Defensive
Center Left Wing Right Wing Defense Defense
Cody Eakin Vojtech Polak Tomas Kubalik Victor Bartley Brian Lashoff
Goaltenders
Starting : Andrew Hammond
Backup : Anton Forsberg
Extra Forwards
Normal : Joel Armia, Sebastian Wannstrom, Cristoval Nieves - PP : Joel Armia, Sebastian Wannstrom - PK : Cristoval Nieves
Extra Defensemen
Normal : Brenden Kichton, Jake Dotchin, Nick Holden - PP : Brenden Kichton - PK : Jake Dotchin, Nick Holden
Penalty Shots
Cody Eakin, Vojtech Polak, Tomas Kubalik, Dustin Jeffrey, Brandon Pirri
Scratches
Colton Sissons (Strained Left Elbow Injury), John Macfarland (Healthy), Brendan Leipsic (Healthy), Jason Kasdorf (Healthy), Mark Visentin (Healthy)
Scott Wedgewood (Healthy)
Demolitions
5 vs 5 Forward
Center Left Wing Right Wing Time % Phy DF OF
1 Nicolas Blanchard Bobby Butler Erik Condra 60 0 0 5
2 Corban Knight Ryan Bayda Jack Skille 24 0 0 5
3 Brandon McMillan Frazer Mclaren Aaron Palushaj 12 0 0 5
4 Andrej Nestrasil Ryan Russell Mikko Lehtonen 4 0 0 5
5 vs 5 Defense
Defense Defense Time % Phy DF OF
1 Jonathan Blum Danny DeKeiser 58 0 0 5
2 Dmitri Orlov Mike Sauer 25 0 0 5
3 Seth Helgeson Derek Forbort 12 0 0 5
4 Danny DeKeiser Dmitri Orlov 5 0 0 5
PowerPlay Forward
Center Left Wing Right Wing Time % Phy DF OF
1 Nicolas Blanchard Bobby Butler Erik Condra 70 0 0 5
2 Corban Knight Bobby Butler Jack Skille 30 0 0 5
PowerPlay Defense
Defense Defense Time % Phy DF OF
1 Danny DeKeiser Jonathan Blum 70 0 0 5
2 Danny DeKeiser Dmitri Orlov 30 0 0 5
Penalty Kill 4 Players Forward
Center Wing Time % Phy DF OF
1 Ryan Bayda Bobby Butler 60 1 2 2
2 Erik Condra Jack Skille 40 1 2 2
Penalty Kill 4 Players Defense
Defense Defense Time % Phy DF OF
1 Mike Sauer Danny DeKeiser 60 1 2 2
2 Mike Sauer Seth Helgeson 40 1 2 2
Penalty Kill - 3 Players Forward
Forward Time % Phy DF OF
1 Ryan Bayda 60 1 2 2
2 Bobby Butler 40 1 2 2
Penalty Kill - 3 Players Defense
Defense Defense Time % Phy DF OF
1 Mike Sauer Danny DeKeiser 60 1 2 2
2 Seth Helgeson Mike Sauer 40 1 2 2
4 vs 4 Forward
Center Wing Time % Phy DF OF
1 Ryan Bayda Bobby Butler 60 1 2 2
2 Erik Condra Jack Skille 40 1 2 2
4 vs 4 Defense
Defense Defense Time % Phy DF OF
1 Mike Sauer Danny DeKeiser 60 1 2 2
2 Mike Sauer Jonathan Blum 40 1 2 2
Last Minutes Offensive
Center Left Wing Right Wing Defense Defense
Nicolas Blanchard Ryan Bayda Erik Condra Jonathan Blum Danny DeKeiser
Last Minutes Defensive
Center Left Wing Right Wing Defense Defense
Nicolas Blanchard Ryan Bayda Erik Condra Mike Sauer Danny DeKeiser
Goaltenders
Starting : Olivier Roy
Backup : Joe Cannata
Extra Forwards
Normal : Billy Sweat, Josh Beaulieu, Bobby Butler - PP : Billy Sweat, Josh Beaulieu - PK : Bobby Butler
Extra Defensemen
Normal : Dmitri Orlov, Jonathan Blum, Danny DeKeiser - PP : Dmitri Orlov - PK : Danny DeKeiser, Seth Helgeson
Penalty Shots
Ryan Bayda, Bobby Butler, Erik Condra, Jack Skille, Mikko Lehtonen
Scratches
Alex Hutchings (Healthy), Ryan Olsen (Healthy), Robert Bortuzzo (Right Forearm Injury), Taylor Leier (Healthy), Mitchell Moroz (Healthy)
Colton Sceviour (Healthy), Cameron Schilling (Bruised Left Leg Injury), Nick Pryor (Healthy), Jake Paterson (Healthy), Jussi Rynnas (Healthy)
% Time on Ice - Harfangs
Lines # - Real PCT - Wanted PCT - Time Play
Normal Forward
1 - 35% - 40% - 16:13
2 - 29% - 30% - 13:28
3 - 20% - 20% - 9:23
4 - 15% - 10% - 7:02
Normal Defense
1 - 39% - 40% - 18:00
2 - 30% - 30% - 13:52
3 - 19% - 20% - 8:58
4 - 11% - 10% - 5:16
PP Forward
1 - 42% - 60% - 2:31
2 - 58% - 40% - 3:26
PP Defense
1 - 55% - 60% - 3:16
2 - 45% - 40% - 2:41
PK Forward
1 - 75% - 60% - 6:00
2 - 25% - 40% - 1:57
PK Defense
1 - 52% - 60% - 4:09
2 - 48% - 40% - 3:48
PK3 Forward
1 - 0% - 60%
2 - 0% - 40%
PK3 Defense
1 - 0% - 60%
2 - 0% - 40%
44 Forward
1 - 0% - 60%
2 - 0% - 40%
44 Defense
1 - 0% - 60%
2 - 0% - 40%
Last Minute Offensive - 0:00
Last Minute Defensive - 0:00
Total
Forward - 60:00
Defense - 60:00
|
% Time on Ice - Demolitions
Lines # - Real PCT - Wanted PCT - Time Play
Normal Forward
1 - 36% - 60% - 16:42
2 - 29% - 24% - 13:16
3 - 19% - 12% - 8:58
4 - 16% - 4% - 7:10
Normal Defense
1 - 42% - 58% - 19:20
2 - 31% - 25% - 14:09
3 - 26% - 12% - 12:01
4 - 1% - 5% - 0:36
PP Forward
1 - 59% - 70% - 4:43
2 - 41% - 30% - 3:14
PP Defense
1 - 80% - 70% - 6:23
2 - 20% - 30% - 1:34
PK Forward
1 - 72% - 60% - 4:16
2 - 28% - 40% - 1:41
PK Defense
1 - 60% - 60% - 3:34
2 - 40% - 40% - 2:23
PK3 Forward
1 - 0% - 60%
2 - 0% - 40%
PK3 Defense
1 - 0% - 60%
2 - 0% - 40%
44 Forward
1 - 0% - 60%
2 - 0% - 40%
44 Defense
1 - 0% - 60%
2 - 0% - 40%
Last Minute Offensive - 0:00
Last Minute Defensive - 0:00
Total
Forward - 60:00
Defense - 60:00
|
Play by Play
1st period
0:01 of 1st period - Nicolas Blanchard wins face-off versus Cody Eakin in neutral zone.
0:06 of 1st period - Snap shot by Erik Condra.
0:06 of 1st period - Stopped by Andrew Hammond with a rebound.
0:22 of 1st period - Minor Penalty to Bobby Butler for Elbowing.
0:23 of 1st period - Ryan Bayda wins face-off versus Cody Eakin in Demolitions zone.
0:28 of 1st period - Victor Bartley is hit by Mike Sauer and loses puck.
0:52 of 1st period - Mike Sauer is hit by Victor Bartley and loses puck.
2:22 of 1st period - Penalty to Bobby Butler is over, Bobby Butler is back on ice.
2:44 of 1st period - Minor Penalty to Nathan Beaulieu for Roughing.
2:45 of 1st period - Nicolas Blanchard wins face-off versus Cody Eakin in Harfangs zone.
2:45 of 1st period - Snap shot by Bobby Butler.
2:45 of 1st period - Deflect By Erik Condra.
2:45 of 1st period - Goal by Erik Condra - Harfangs : 0 - Demolitions : 1.
2:46 of 1st period - Nicolas Blanchard wins face-off versus Cody Eakin in neutral zone.
2:55 of 1st period - Snap shot by Erik Condra.
2:55 of 1st period - Deflect By Bobby Butler.
2:55 of 1st period - Shot Misses the Net.
2:55 of 1st period - Puck is out of play.
2:56 of 1st period - Erik Condra wins face-off versus Cody Eakin in Harfangs zone.
3:22 of 1st period - Icing by Nicolas Blanchard.
3:23 of 1st period - Nicolas Blanchard wins face-off versus Calle Jarnkrok in Demolitions zone.
3:52 of 1st period - Snap shot by Erik Condra.
3:52 of 1st period - Stopped by Andrew Hammond without a rebound.
3:53 of 1st period - Cody Eakin wins face-off versus Corban Knight in Harfangs zone.
4:02 of 1st period - Dmitri Orlov is hit by Dylan Olsen and loses puck.
4:07 of 1st period - Snap shot by Tomas Kubalik.
4:07 of 1st period - Stopped by Olivier Roy with a rebound.
4:09 of 1st period - Slapshot by Vojtech Polak.
4:09 of 1st period - Shot Blocked by Mike Sauer.
5:18 of 1st period - Brian Lashoff is hit by Jack Skille.
5:52 of 1st period - Snap shot by Nicolas Blanchard.
5:52 of 1st period - Shot Misses the Net.
5:54 of 1st period - Slapshot by Seth Helgeson.
5:54 of 1st period - Stopped by Andrew Hammond without a rebound.
5:55 of 1st period - Nicolas Blanchard wins face-off versus Calle Jarnkrok in Harfangs zone.
5:58 of 1st period - Snap shot by Erik Condra.
5:58 of 1st period - Stopped by Andrew Hammond without a rebound.
5:59 of 1st period - Nicolas Blanchard wins face-off versus Calle Jarnkrok in Harfangs zone.
6:00 of 1st period - Snap shot by Bobby Butler.
6:00 of 1st period - Stopped by Andrew Hammond with a rebound.
6:26 of 1st period - Vojtech Polak is hit by Seth Helgeson.
6:34 of 1st period - Snap shot by Cody Eakin.
6:34 of 1st period - Stopped by Olivier Roy without a rebound.
6:35 of 1st period - Nicolas Blanchard wins face-off versus Boone Jenner in Demolitions zone.
6:35 of 1st period - Nicolas Blanchard is hit by Boone Jenner.
7:02 of 1st period - Danny DeKeiser is hit by Alex Plante and loses puck.
7:13 of 1st period - Snap shot by Tomas Kubalik.
7:13 of 1st period - Shot Misses the Net.
7:30 of 1st period - Jonathan Blum is hit by Brian Lashoff and loses puck.
8:09 of 1st period - Wrist shot by Boone Jenner.
8:09 of 1st period - Shot Misses the Net.
8:42 of 1st period - Icing by Mike Sauer.
8:43 of 1st period - Corban Knight wins face-off versus Cody Eakin in Demolitions zone.
9:16 of 1st period - Snap shot by Dustin Jeffrey.
9:16 of 1st period - Stopped by Olivier Roy without a rebound.
9:17 of 1st period - Corban Knight wins face-off versus Calle Jarnkrok in Demolitions zone.
9:54 of 1st period - Snap shot by Cody Eakin.
9:54 of 1st period - Shot Misses the Net.
9:56 of 1st period - Wrist shot by Cody Eakin.
9:56 of 1st period - Shot Misses the Net.
10:12 of 1st period - Snap shot by Aaron Palushaj.
10:12 of 1st period - Stopped by Andrew Hammond with a rebound.
10:30 of 1st period - Slapshot by Ryan Russell.
10:30 of 1st period - Stopped by Andrew Hammond without a rebound.
10:31 of 1st period - Ryan Russell wins face-off versus Cody Eakin in Harfangs zone.
10:32 of 1st period - Slapshot by Mikko Lehtonen.
10:32 of 1st period - Shot Misses the Net.
10:34 of 1st period - Slapshot by Danny DeKeiser.
10:34 of 1st period - Shot Misses the Net.
10:36 of 1st period - Snap shot by Mikko Lehtonen.
10:36 of 1st period - Stopped by Andrew Hammond without a rebound.
10:37 of 1st period - Cody Eakin wins face-off versus Nicolas Blanchard in Harfangs zone.
10:56 of 1st period - Cody Eakin is hit by Jonathan Blum.
11:04 of 1st period - Snap shot by Cody Eakin.
11:04 of 1st period - Stopped by Olivier Roy without a rebound.
11:05 of 1st period - Corban Knight wins face-off versus Brandon Pirri in Demolitions zone.
11:19 of 1st period - Slapshot by Dustin Jeffrey.
11:19 of 1st period - Deflect By Calle Jarnkrok.
11:19 of 1st period - Stopped by Olivier Roy with a rebound.
11:21 of 1st period - Slapshot by Brandon Pirri.
11:21 of 1st period - Stopped by Olivier Roy with a rebound.
11:38 of 1st period - Wrist shot by Corban Knight.
11:38 of 1st period - Shot Blocked by Jujhar Khaira.
11:40 of 1st period - Slapshot by Dmitri Orlov.
11:40 of 1st period - Goal by Dmitri Orlov - Harfangs : 0 - Demolitions : 2.
11:41 of 1st period - Nicolas Blanchard wins face-off versus Cody Eakin in neutral zone.
12:24 of 1st period - Wrist shot by Bobby Butler.
12:24 of 1st period - Stopped by Andrew Hammond with a rebound.
12:26 of 1st period - Wrist shot by Nicolas Blanchard.
12:26 of 1st period - Shot Blocked by Nathan Beaulieu.
12:28 of 1st period - Snap shot by Danny DeKeiser.
12:28 of 1st period - Stopped by Andrew Hammond without a rebound.
12:29 of 1st period - Cody Eakin wins face-off versus Corban Knight in Harfangs zone.
12:29 of 1st period - Cody Eakin is hit by Ryan Bayda.
12:43 of 1st period - Slapshot by Tomas Kubalik.
12:43 of 1st period - Shot Blocked by Dmitri Orlov.
12:45 of 1st period - Snap shot by Victor Bartley.
12:45 of 1st period - Deflect By Jack Skille.
12:45 of 1st period - Stopped by Olivier Roy without a rebound.
12:46 of 1st period - Brandon McMillan wins face-off versus Calle Jarnkrok in Demolitions zone.
12:51 of 1st period - Snap shot by Aaron Palushaj.
12:51 of 1st period - Stopped by Andrew Hammond with a rebound.
12:53 of 1st period - Slapshot by Jonathan Blum.
12:53 of 1st period - Stopped by Andrew Hammond with a rebound.
13:11 of 1st period - Nick Holden is hit by Corban Knight.
13:53 of 1st period - Snap shot by Mikko Lehtonen.
13:53 of 1st period - Shot Misses the Net.
13:55 of 1st period - Snap shot by Ryan Russell.
13:55 of 1st period - Shot Blocked by Angelo Esposito.
13:57 of 1st period - Slapshot by Seth Helgeson.
13:57 of 1st period - Shot Blocked by Nathan Beaulieu.
13:59 of 1st period - Slapshot by Mike Sauer.
13:59 of 1st period - Shot Misses the Net.
14:01 of 1st period - Snap shot by Mikko Lehtonen.
14:01 of 1st period - Shot Blocked by Jujhar Khaira.
14:24 of 1st period - Dylan Olsen is hit by Frazer Mclaren.
14:58 of 1st period - Slapshot by Jonathan Blum.
14:58 of 1st period - Deflect By Bobby Butler.
14:58 of 1st period - Shot Misses the Net.
14:58 of 1st period - Puck is out of play.
14:59 of 1st period - Nicolas Blanchard wins face-off versus Dennis Everberg in Harfangs zone.
15:00 of 1st period - Wrist shot by Bobby Butler.
15:00 of 1st period - Deflect By Erik Condra.
15:00 of 1st period - Goal by Erik Condra - Harfangs : 0 - Demolitions : 3.
15:01 of 1st period - Bobby Butler wins face-off versus Cody Eakin in neutral zone.
15:16 of 1st period - Snap shot by Vojtech Polak.
15:16 of 1st period - Stopped by Olivier Roy without a rebound.
15:17 of 1st period - Nicolas Blanchard wins face-off versus Calle Jarnkrok in Demolitions zone.
15:22 of 1st period - Wrist shot by Dustin Jeffrey.
15:22 of 1st period - Shot Misses the Net.
15:24 of 1st period - Slapshot by Brian Lashoff.
15:24 of 1st period - Stopped by Olivier Roy without a rebound.
15:25 of 1st period - Nicolas Blanchard wins face-off versus Cody Eakin in Demolitions zone.
15:27 of 1st period - Minor Penalty to Jonathan Blum for Tripping.
15:28 of 1st period - Cody Eakin wins face-off versus Ryan Bayda in Demolitions zone.
16:00 of 1st period - Mike Sauer is hit by Brian Lashoff and loses puck.
17:27 of 1st period - Penalty to Jonathan Blum is over, Jonathan Blum is back on ice.
17:36 of 1st period - Snap shot by Brandon McMillan.
17:36 of 1st period - Shot Blocked by Reid McNeill.
17:38 of 1st period - Slapshot by Mike Sauer.
17:38 of 1st period - Shot Misses the Net.
18:00 of 1st period - Snap shot by Angelo Esposito.
18:00 of 1st period - Stopped by Olivier Roy with a rebound.
18:40 of 1st period - Jonathan Blum is hit by Jujhar Khaira and loses puck.
19:09 of 1st period - Slapshot by Erik Condra.
19:09 of 1st period - Stopped by Andrew Hammond with a rebound.
19:21 of 1st period - Derek Forbort is hit by Michal Repik and loses puck.
19:54 of 1st period - Slapshot by Aaron Palushaj.
19:54 of 1st period - Stopped by Andrew Hammond without a rebound.
19:55 of 1st period - Brandon McMillan wins face-off versus Cody Eakin in Harfangs zone.
19:56 of 1st period - Wrist shot by Frazer Mclaren.
19:56 of 1st period - Stopped by Andrew Hammond with a rebound.
Goals for this period are 0 for Harfangs vs 3 for Demolitions.
Shots for this period are 10 for Harfangs vs 18 for Demolitions.
2nd period
0:01 of 2nd period - Cody Eakin wins face-off versus Erik Condra in neutral zone.
1:10 of 2nd period - Wrist shot by Mikko Lehtonen.
1:10 of 2nd period - Stopped by Andrew Hammond with a rebound.
1:51 of 2nd period - Off-side.
1:52 of 2nd period - Dustin Jeffrey wins face-off versus Corban Knight in neutral zone.
1:58 of 2nd period - Wrist shot by Calle Jarnkrok.
1:58 of 2nd period - Stopped by Olivier Roy with a rebound.
2:00 of 2nd period - Snap shot by Dustin Jeffrey.
2:00 of 2nd period - Stopped by Olivier Roy without a rebound.
2:01 of 2nd period - Nicolas Blanchard wins face-off versus Cody Eakin in Demolitions zone.
2:26 of 2nd period - Off-side.
2:27 of 2nd period - Boone Jenner wins face-off versus Corban Knight in neutral zone.
2:36 of 2nd period - Snap shot by Andreas Martinsen.
2:36 of 2nd period - Stopped by Olivier Roy with a rebound.
2:38 of 2nd period - Slapshot by Boone Jenner.
2:38 of 2nd period - Stopped by Olivier Roy without a rebound.
2:39 of 2nd period - Cody Eakin wins face-off versus Nicolas Blanchard in Demolitions zone.
2:54 of 2nd period - Wrist shot by Tomas Kubalik.
2:54 of 2nd period - Stopped by Olivier Roy with a rebound.
4:11 of 2nd period - Icing by Mike Sauer.
4:12 of 2nd period - Calle Jarnkrok wins face-off versus Andrej Nestrasil in Demolitions zone.
4:26 of 2nd period - Snap shot by Ryan Russell.
4:26 of 2nd period - Stopped by Andrew Hammond without a rebound.
4:27 of 2nd period - Bobby Butler wins face-off versus Cody Eakin in Harfangs zone.
4:36 of 2nd period - Snap shot by Nicolas Blanchard.
4:36 of 2nd period - Shot Blocked by Victor Bartley.
4:38 of 2nd period - Snap shot by Nicolas Blanchard.
4:38 of 2nd period - Shot Misses the Net.
5:59 of 2nd period - Nathan Beaulieu is hit by Jack Skille and loses puck.
6:06 of 2nd period - Slapshot by Jack Skille.
6:06 of 2nd period - Shot Misses the Net.
6:08 of 2nd period - Snap shot by Danny DeKeiser.
6:08 of 2nd period - Shot Misses the Net.
6:17 of 2nd period - Minor Penalty to Jonathan Blum for Cross-checking.
6:18 of 2nd period - Ryan Bayda wins face-off versus Cody Eakin in Demolitions zone.
6:53 of 2nd period - Brian Lashoff is hit by Mike Sauer and loses puck.
7:15 of 2nd period - Ryan Bayda is hit by Brandon Pirri and loses puck.
8:17 of 2nd period - Penalty to Jonathan Blum is over, Jonathan Blum is back on ice.
8:24 of 2nd period - Wrist shot by Jonathan Blum.
8:24 of 2nd period - Stopped by Andrew Hammond without a rebound.
8:25 of 2nd period - Nicolas Blanchard wins face-off versus Cody Eakin in Harfangs zone.
9:28 of 2nd period - Jonathan Blum is hit by Cody Eakin and loses puck.
9:57 of 2nd period - Slapshot by Aaron Palushaj.
9:57 of 2nd period - Stopped by Andrew Hammond with a rebound.
9:59 of 2nd period - Wrist shot by Brandon McMillan.
9:59 of 2nd period - Shot Blocked by Tomas Kubalik.
10:11 of 2nd period - Wrist shot by Mikko Lehtonen.
10:11 of 2nd period - Shot Misses the Net.
10:27 of 2nd period - Slapshot by Vojtech Polak.
10:27 of 2nd period - Shot Misses the Net.
10:39 of 2nd period - Snap shot by Tomas Kubalik.
10:39 of 2nd period - Goal by Tomas Kubalik - Harfangs : 1 - Demolitions : 3.
10:40 of 2nd period - Boone Jenner wins face-off versus Nicolas Blanchard in neutral zone.
10:43 of 2nd period - Wrist shot by Dennis Everberg.
10:43 of 2nd period - Stopped by Olivier Roy with a rebound.
12:25 of 2nd period - Seth Helgeson is hit by Michal Repik and loses puck.
12:42 of 2nd period - Slapshot by Brandon Pirri.
12:42 of 2nd period - Goal by Brandon Pirri - Harfangs : 2 - Demolitions : 3.
12:43 of 2nd period - Cody Eakin wins face-off versus Bobby Butler in neutral zone.
13:10 of 2nd period - Jonathan Blum is hit by Brandon Pirri.
13:38 of 2nd period - Snap shot by Aaron Palushaj.
13:38 of 2nd period - Stopped by Andrew Hammond with a rebound.
13:42 of 2nd period - Snap shot by Aaron Palushaj.
13:42 of 2nd period - Stopped by Andrew Hammond with a rebound.
13:52 of 2nd period - Erik Condra is hit by Nathan Beaulieu and loses puck.
13:59 of 2nd period - Wrist shot by Angelo Esposito.
13:59 of 2nd period - Shot Misses the Net.
14:58 of 2nd period - Snap shot by Boone Jenner.
14:58 of 2nd period - Shot Misses the Net.
16:23 of 2nd period - Wrist shot by Tomas Kubalik.
16:23 of 2nd period - Deflect By Cody Eakin.
16:23 of 2nd period - Stopped by Olivier Roy without a rebound.
16:24 of 2nd period - Calle Jarnkrok wins face-off versus Nicolas Blanchard in Demolitions zone.
16:27 of 2nd period - Slapshot by Brandon Pirri.
16:27 of 2nd period - Stopped by Olivier Roy with a rebound.
16:29 of 2nd period - Wrist shot by Calle Jarnkrok.
16:29 of 2nd period - Stopped by Olivier Roy with a rebound.
16:31 of 2nd period - Slapshot by Brian Lashoff.
16:31 of 2nd period - Goal by Brian Lashoff - Harfangs : 3 - Demolitions : 3.
16:32 of 2nd period - Cody Eakin wins face-off versus Nicolas Blanchard in neutral zone.
17:01 of 2nd period - Slapshot by Victor Bartley.
17:01 of 2nd period - Deflect By Danny DeKeiser.
17:01 of 2nd period - Stopped by Olivier Roy without a rebound.
17:02 of 2nd period - Calle Jarnkrok wins face-off versus Corban Knight in Demolitions zone.
17:19 of 2nd period - Snap shot by Mike Sauer.
17:19 of 2nd period - Shot Blocked by Dylan Olsen.
17:27 of 2nd period - Snap shot by Ryan Bayda.
17:27 of 2nd period - Stopped by Andrew Hammond with a rebound.
17:29 of 2nd period - Slapshot by Jonathan Blum.
17:29 of 2nd period - Stopped by Andrew Hammond with a rebound.
17:31 of 2nd period - Slapshot by Jonathan Blum.
17:31 of 2nd period - Shot Misses the Net.
17:33 of 2nd period - Slapshot by Danny DeKeiser.
17:33 of 2nd period - Shot Blocked by Calle Jarnkrok.
17:35 of 2nd period - Snap shot by Danny DeKeiser.
17:35 of 2nd period - Deflect By Jack Skille.
17:35 of 2nd period - Stopped by Andrew Hammond with a rebound.
17:45 of 2nd period - Wrist shot by Corban Knight.
17:45 of 2nd period - Stopped by Andrew Hammond with a rebound.
17:47 of 2nd period - Slapshot by Jack Skille.
17:47 of 2nd period - Stopped by Andrew Hammond with a rebound.
17:49 of 2nd period - Slapshot by Dmitri Orlov.
17:49 of 2nd period - Deflect By Ryan Bayda.
17:49 of 2nd period - Stopped by Andrew Hammond with a rebound.
17:51 of 2nd period - Slapshot by Dmitri Orlov.
17:51 of 2nd period - Shot Blocked by Calle Jarnkrok.
17:53 of 2nd period - Snap shot by Jack Skille.
17:53 of 2nd period - Shot Blocked by Dylan Olsen.
17:55 of 2nd period - Slapshot by Jonathan Blum.
17:55 of 2nd period - Stopped by Andrew Hammond with a rebound.
17:57 of 2nd period - Wrist shot by Danny DeKeiser.
17:57 of 2nd period - Stopped by Andrew Hammond with a rebound.
17:59 of 2nd period - Snap shot by Danny DeKeiser.
17:59 of 2nd period - Shot Misses the Net.
18:23 of 2nd period - Wrist shot by Dylan Olsen.
18:23 of 2nd period - Shot Misses the Net.
19:06 of 2nd period - Slapshot by Danny DeKeiser.
19:06 of 2nd period - Shot Misses the Net.
19:08 of 2nd period - Snap shot by Ryan Bayda.
19:08 of 2nd period - Shot Misses the Net.
19:10 of 2nd period - Slapshot by Danny DeKeiser.
19:10 of 2nd period - Deflect By Nathan Beaulieu.
19:10 of 2nd period - Stopped by Andrew Hammond without a rebound.
19:11 of 2nd period - Cody Eakin wins face-off versus Nicolas Blanchard in Harfangs zone.
19:16 of 2nd period - Wrist shot by Cody Eakin.
19:16 of 2nd period - Shot Blocked by Nicolas Blanchard.
19:18 of 2nd period - Snap shot by Victor Bartley.
19:18 of 2nd period - Shot Misses the Net.
19:20 of 2nd period - Slapshot by Vojtech Polak.
19:20 of 2nd period - Goal by Vojtech Polak - Harfangs : 4 - Demolitions : 3.
19:21 of 2nd period - Nicolas Blanchard wins face-off versus Cody Eakin in neutral zone.
19:24 of 2nd period - Slapshot by Dmitri Orlov.
19:24 of 2nd period - Stopped by Andrew Hammond with a rebound.
19:30 of 2nd period - Wrist shot by Erik Condra.
19:30 of 2nd period - Stopped by Andrew Hammond without a rebound.
19:31 of 2nd period - Nicolas Blanchard wins face-off versus Cody Eakin in Harfangs zone.
19:58 of 2nd period - Slapshot by Victor Bartley.
19:58 of 2nd period - Stopped by Olivier Roy without a rebound.
19:59 of 2nd period - Brandon McMillan wins face-off versus Boone Jenner in Demolitions zone.
Goals for this period are 4 for Harfangs vs 0 for Demolitions.
Shots for this period are 15 for Harfangs vs 17 for Demolitions.
3rd period
0:01 of 3rd period - Nicolas Blanchard wins face-off versus Cody Eakin in neutral zone.
0:06 of 3rd period - Snap shot by Bobby Butler.
0:06 of 3rd period - Stopped by Andrew Hammond without a rebound.
0:07 of 3rd period - Nicolas Blanchard wins face-off versus Cody Eakin in Harfangs zone.
1:00 of 3rd period - Wrist shot by Tomas Kubalik.
1:00 of 3rd period - Shot Misses the Net.
1:31 of 3rd period - Icing by Dmitri Orlov.
1:32 of 3rd period - Calle Jarnkrok wins face-off versus Nicolas Blanchard in Demolitions zone.
1:43 of 3rd period - Slapshot by Dustin Jeffrey.
1:43 of 3rd period - Stopped by Olivier Roy with a rebound.
1:56 of 3rd period - Minor Penalty to Nick Holden for High sticking.
1:57 of 3rd period - Nicolas Blanchard wins face-off versus Cristoval Nieves in Harfangs zone.
2:21 of 3rd period - Slapshot by Bobby Butler.
2:21 of 3rd period - Stopped by Andrew Hammond without a rebound.
2:22 of 3rd period - Cody Eakin wins face-off versus Jack Skille in Harfangs zone.
3:56 of 3rd period - Penalty to Nick Holden is over, Nick Holden is back on ice.
4:02 of 3rd period - Wrist shot by Jujhar Khaira.
4:02 of 3rd period - Stopped by Olivier Roy without a rebound.
4:03 of 3rd period - Angelo Esposito wins face-off versus Brandon McMillan in Demolitions zone.
4:04 of 3rd period - Slapshot by Michal Repik.
4:04 of 3rd period - Stopped by Olivier Roy with a rebound.
4:16 of 3rd period - Backhand shot by Brandon McMillan.
4:16 of 3rd period - Shot Misses the Net.
4:18 of 3rd period - Slapshot by Mike Sauer.
4:18 of 3rd period - Shot Blocked by Mark Alt.
5:29 of 3rd period - Backhand shot by Mike Sauer.
5:29 of 3rd period - Deflect By Brandon McMillan.
5:29 of 3rd period - Stopped by Andrew Hammond without a rebound.
5:30 of 3rd period - Angelo Esposito wins face-off versus Brandon McMillan in Harfangs zone.
5:32 of 3rd period - Minor Penalty to Jujhar Khaira for Hooking.
5:33 of 3rd period - Cody Eakin wins face-off versus Nicolas Blanchard in Harfangs zone.
7:32 of 3rd period - Penalty to Jujhar Khaira is over, Jujhar Khaira is back on ice.
8:09 of 3rd period - Mike Sauer is hit by Boone Jenner and loses puck.
8:41 of 3rd period - Vojtech Polak is hit by Jack Skille and loses puck.
9:04 of 3rd period - Slapshot by Brian Lashoff.
9:04 of 3rd period - Deflect By Angelo Esposito.
9:04 of 3rd period - Stopped by Olivier Roy with a rebound.
9:24 of 3rd period - Slapshot by Andreas Martinsen.
9:24 of 3rd period - Shot Misses the Net.
10:30 of 3rd period - Nicolas Blanchard is hit by Dennis Everberg and loses puck.
10:55 of 3rd period - Wrist shot by Brandon McMillan.
10:55 of 3rd period - Shot Misses the Net.
11:09 of 3rd period - Snap shot by Tomas Kubalik.
11:09 of 3rd period - Deflect By Vojtech Polak.
11:09 of 3rd period - Shot Misses the Net.
11:09 of 3rd period - Puck is out of play.
11:10 of 3rd period - Cody Eakin wins face-off versus Bobby Butler in Demolitions zone.
11:13 of 3rd period - Wrist shot by Vojtech Polak.
11:13 of 3rd period - Stopped by Olivier Roy with a rebound.
11:19 of 3rd period - Nathan Beaulieu is hit by Seth Helgeson and loses puck.
11:36 of 3rd period - Snap shot by Calle Jarnkrok.
11:36 of 3rd period - Goal by Calle Jarnkrok - Harfangs : 5 - Demolitions : 3.
11:37 of 3rd period - Cody Eakin wins face-off versus Nicolas Blanchard in neutral zone.
11:52 of 3rd period - Wrist shot by Danny DeKeiser.
11:52 of 3rd period - Deflect By Nicolas Blanchard.
11:52 of 3rd period - Shot Misses the Net.
11:52 of 3rd period - Puck is out of play.
11:53 of 3rd period - Nicolas Blanchard wins face-off versus Calle Jarnkrok in Harfangs zone.
11:57 of 3rd period - Minor Penalty to Dustin Jeffrey for Holding.
11:58 of 3rd period - Cody Eakin wins face-off versus Nicolas Blanchard in Harfangs zone.
13:57 of 3rd period - Penalty to Dustin Jeffrey is over, Dustin Jeffrey is back on ice.
13:57 of 3rd period - Danny DeKeiser is hit by Cristoval Nieves and loses puck.
14:20 of 3rd period - Slapshot by Michal Repik.
14:20 of 3rd period - Stopped by Olivier Roy without a rebound.
14:21 of 3rd period - Andrej Nestrasil wins face-off versus Calle Jarnkrok in Demolitions zone.
14:28 of 3rd period - Dustin Jeffrey is hit by Seth Helgeson.
15:30 of 3rd period - Minor Penalty to Reid McNeill for Tripping.
15:31 of 3rd period - Nicolas Blanchard wins face-off versus Cody Eakin in Harfangs zone.
15:40 of 3rd period - Snap shot by Erik Condra.
15:40 of 3rd period - Deflect By Nicolas Blanchard.
15:40 of 3rd period - Stopped by Andrew Hammond without a rebound.
15:41 of 3rd period - Cody Eakin wins face-off versus Nicolas Blanchard in Harfangs zone.
16:06 of 3rd period - Slapshot by Jonathan Blum.
16:06 of 3rd period - Stopped by Andrew Hammond without a rebound.
16:07 of 3rd period - Cody Eakin wins face-off versus Corban Knight in Harfangs zone.
17:14 of 3rd period - Backhand shot by Nathan Beaulieu.
17:14 of 3rd period - Shot Blocked by Erik Condra.
17:30 of 3rd period - Penalty to Reid McNeill is over, Reid McNeill is back on ice.
17:46 of 3rd period - Slapshot by Calle Jarnkrok.
17:46 of 3rd period - Goal by Calle Jarnkrok - Harfangs : 6 - Demolitions : 3.
17:47 of 3rd period - Nicolas Blanchard wins face-off versus Calle Jarnkrok in neutral zone.
18:22 of 3rd period - Slapshot by Victor Bartley.
18:22 of 3rd period - Stopped by Olivier Roy without a rebound.
18:23 of 3rd period - Bobby Butler wins face-off versus Boone Jenner in Demolitions zone.
18:34 of 3rd period - Slapshot by Jonathan Blum.
18:34 of 3rd period - Shot Blocked by Dylan Olsen.
18:36 of 3rd period - Slapshot by Danny DeKeiser.
18:36 of 3rd period - Stopped by Andrew Hammond with a rebound.
18:38 of 3rd period - Wrist shot by Erik Condra.
18:38 of 3rd period - Goal by Erik Condra - Harfangs : 6 - Demolitions : 4.
18:39 of 3rd period - Boone Jenner wins face-off versus Nicolas Blanchard in neutral zone.
18:46 of 3rd period - Snap shot by Dennis Everberg.
18:46 of 3rd period - Shot Misses the Net.
18:54 of 3rd period - Wrist shot by Bobby Butler.
18:54 of 3rd period - Shot Misses the Net.
19:11 of 3rd period - Slapshot by Dmitri Orlov.
19:11 of 3rd period - Shot Blocked by Vojtech Polak.
19:51 of 3rd period - Wrist shot by Cristoval Nieves.
19:51 of 3rd period - Stopped by Olivier Roy without a rebound.
19:52 of 3rd period - Boone Jenner wins face-off versus Billy Sweat in Demolitions zone.
Goals for this period are 2 for Harfangs vs 1 for Demolitions.
Shots for this period are 10 for Harfangs vs 7 for Demolitions.
Back to the Top